 Seeded DCSS version 0.31-a0-544-gceb718ecc6 (webtiles) character file.

Game seed: 3826825538972431165 (custom seed)

4 innerfire43 the Trooper (level 1, 18/18 HPs)
             Began as a Demonspawn Monk on Aug 15, 2023.
             Got out of the dungeon alive.
             The game lasted 00:00:25 (259 turns).

innerfire43 the Trooper (Demonspawn Monk)            Turns: 259, Time: 00:00:26

Health: 18/18      AC:  2    Str: 11    XL:     1   Next: 58%
Magic:  1/1        EV: 13    Int: 11    God:
Gold:   13         SH:  0    Dex: 15    Spells: 0/0 levels left

rFire   . . .        a - +0 spear
rCold   . . .        d - orb {light}
rNeg    . . .        b - +0 robe
rPois   .            (no helmet)
rElec   .            (no cloak)
rCorr   .            (no gloves)
SInv    .            (no boots)
Will    .....        (no amulet)
Stlth   +            (no ring)
HPRegen 0.23/turn    (no ring)
MPRegen 0.07/turn

%: no passive effects
@: glowing
A: no striking features
a: no special abilities


You escaped.
You visited 1 branch of the dungeon, and saw 1 of its levels.

You collected 13 gold pieces.

Inventory:

Hand Weapons
 a - a +0 spear (weapon)
Armour
 b - a +0 robe (worn)
 d - an orb of light (worn)
Scrolls
 e - a scroll of acquirement
 f - 2 scrolls of vulnerability {unknown}
 g - a scroll of amnesia {unknown}
Potions
 c - a potion of ambrosia


   Skills:
 + Level 3.1 Fighting
 + Level 2.8 Polearms
 + Level 2.8 Dodging


You couldn't memorise any spells.
You didn't know any spells.
Your spell library was empty.

Dungeon Overview and Level Annotations

Branches:
Dungeon (1/15)

Altars:


Message History

The plant is lightly damaged.
You see here a scroll labelled YDEX ANAPPA.
f - 2 scrolls labelled YDEX ANAPPA (gained 1)
A nearby plant withers and dies.
The ball python closely misses you. The ball python barely misses you.
The ball python bites you but does no damage.
The ball python misses you.
You barely miss the ball python.
The ball python bites you but does no damage.
The ball python closely misses you.
You barely miss the ball python. The ball python misses you.
The ball python grabs you. The ball python constricts you.
You hit the ball python.
You kill the ball python!
You see here a ball python corpse.
Found a stone staircase leading down.
No target in view!
You now have 9 gold pieces.
A kobold comes into view. It is wielding a +0 short sword.
The kobold shouts!
A kobold is nearby!
You reach to attack!
You hit the kobold.
The kobold is moderately wounded.
A kobold is nearby!
You hit the kobold.
You kill the kobold!
Things that are here:
a +0 short sword; a kobold corpse
Found a ring mail.
No target in view!
Found a stone staircase leading down.
No target in view!
You now have 13 gold pieces (gained 4).
You open the door.
There is an open door here.
g - a scroll labelled QOITEI TUPT No target in view!
This is a scroll of acquirement!
There is a staircase leading out of the dungeon here.
You have escaped!
PPP.PPP.PPP.PPPPP.P#.# PP.PPP.P.PPP.PPP.PP..# PP.PP.PPP.PP.PP.PPP..# .....PPPPP.....PPPP#.#.# PP.PP.PPP.PP.PP.PPP..#.# PP.PPP.P.PPP.PPP.PP#.#.# PPP.PPP.PPP.PPPPP.P#.#.# PPPP.PP.PP.PPPPPP.P# #.# PPPPP..@..PPPPPPP.P#.#.# PPPPPPP.PPPPPPPPP.P#.#.# PPPPPPP.PPPPPPPPP.P#....
PPPPPP.P.PPPPPPP.PP###.# PPPPP.PPP.PPPPP.PPP##..# .....PPPPP.....PPPP...## PPPPPPPPPPPP†.PPPPP#..# ..................#...# .#####.........###

There were no monsters in sight!

Vanquished Creatures
  A bat (D:1)
  A goblin (D:1)
  A kobold (D:1)
  A ball python (D:1)
4 creatures vanquished.

Notes
Turn   | Place    | Note
-------+----------+-------------------------------------------
     0 | D:1      | innerfire43 the Demonspawn Monk began the quest for the
                  | Orb.
     0 | D:1      | Reached XP level 1. HP: 18/18 MP: 1/1
   197 | D:1      | Identified a scroll of acquirement
   259 | D:$      | Got out of the dungeon alive.

Illustrated notes

Levels and vault maps discovered:
D:1:      roderic_crop_circles_arrival_large, layout_basic

Action                     || total
---------------------------++-------
  Melee: Spear             ||    16
 Armour: Robe              ||     2
  Dodge: Dodged            ||     8

Table legend: (Time is in decaauts)
 A = Elapsed time spent in this place.
 B = Non-inter-level travel time spent in this place.
 C = Inter-level travel time spent in this place.
 D = Time resting spent in this place.
 E = Time spent auto-exploring this place.
 F = Levels seen in this place.
 G = Mean time per level.
                   A        B        C        D        E       F      G
               +--------+--------+--------+--------+--------+-----+--------+
         Total |    258 |    197 |     61 |      0 |    161 |   1 |  258.0 |
       Dungeon |    258 |    197 |     61 |      0 |    161 |   1 |  258.0 |
               +--------+--------+--------+--------+--------+-----+--------+

Top non-repeatable levels by time:
     D:1: 258 daAuts
